 Dungeon Crawl Stone Soup version 0.28.0-43-g3370ac3207 (webtiles) character file.

Game seed: 9295403669064033281

46 styxcanada the Sneak (level 3, 0/18 HPs)
             Began as a Spriggan Brigand on Mar 5, 2022.
             Slain by an adder (2 damage)
             ... on level 2 of the Dungeon.
             The game lasted 00:05:06 (1876 turns).

styxcanada the Sneak (Spriggan Brigand)             Turns: 1876, Time: 00:05:06

Health: 0/18       AC:  3    Str:  7    XL:     3   Next: 44%
Magic:  4/4        EV: 17    Int: 12    God:
Gold:   58         SH:  0    Dex: 18    Spells: 2/2 levels left

rFire   . . .      SeeInvis +   a - +2 dagger
rCold   . . .      Faith    .   (no shield)
rNeg    . . .      Spirit   .   b - +0 robe
rPois   .          Reflect  .   (helmet restricted)
rElec   .          Harm     .   c - +0 cloak
rCorr   .          Rampage  .   (gloves unavailable)
Will    .....                   (boots unavailable)
Stlth   ++++......              (no amulet)
HPRegen 0.06/turn               (no ring)
MPRegen 0.09/turn               (no ring)

@: very quick
A: very small, no large weapons, unfitting armour, see invisible, speed 3
a: no special abilities


You were on level 2 of the Dungeon.
You visited 1 branch of the dungeon, and saw 2 of its levels.

You collected 58 gold pieces.

Inventory:

Hand Weapons
 a - a +2 dagger (weapon)
Missiles
 d - 2 poisoned darts (quivered)
 e - 2 curare-tipped darts
 g - 17 stones
Armour
 b - a +0 robe (worn)
 c - a +0 cloak (worn)
Scrolls
 k - a scroll of teleportation {unknown}
 m - a scroll of enchant weapon {unknown}
Potions
 h - a potion of ambrosia
 i - a potion of flight
 j - a potion of magic
 l - a potion of lignification {unknown}


   Skills:
 * Level 1.8 Fighting
 + Level 2.2 Short Blades
 + Level 2.2 Throwing
 * Level 1.7 Dodging
 * Level 7.3 Stealth


You had 2 spell levels left.
You didn't know any spells.
Your spell library contained the following spells:

 Spells                   Type           Power      Damage    Failure   Level
 Slow                     Hex            0%         N/A       32%         1
 Confusing Touch          Hex            0%         N/A       69%         3
 Vampiric Draining        Necr           0%         2d6       69%         3


Dungeon Overview and Level Annotations

Branches:
Dungeon (2/15)

Altars:

Shops:
D:1 =


Innate Abilities, Weirdness & Mutations

You are very small and have problems with some larger weapons.
You are too small for most types of armour.
You have supernaturally acute eyesight. (SInv)
You cover ground extremely quickly. (Speed+++)


Message History

You feel sick.
You feel sick.
You feel sick.
Throw: 6 darts (poison)
Press: ? - help, Q - select action, (/) - cycle Shift-Dir - straight line, f - adder
Aim: an adder (44% to hit)
You throw a poisoned dart. The poisoned dart misses the adder.
You feel sick.
* * * LOW HITPOINT WARNING * * *
You feel sick.
You are no longer poisoned.
Throw: 5 darts (poison)
Press: ? - help, Q - select action, (/) - cycle Shift-Dir - straight line, f/p - adder
Aim: an adder (44% to hit)
You throw a poisoned dart.
The poisoned dart barely misses the adder.
Throw: 4 darts (poison)
Press: ? - help, Q - select action, (/) - cycle Shift-Dir - straight line, f/p - adder
Aim: an adder (44% to hit)
You throw a poisoned dart. The poisoned dart hits the adder.
The adder is poisoned.
Throw: 3 darts (poison)
Press: ? - help, Q - select action, (/) - cycle Shift-Dir - straight line, f/p - adder
Aim: an adder (moderately wounded, poisoned, 44% to hit)
You throw a poisoned dart. The poisoned dart hits the adder.
The adder looks even sicker.
The adder is moderately wounded.
You hit the adder.
The adder is severely wounded.
The adder closely misses you.
You hit the adder but do no damage.
The adder is almost dead.
The adder misses you. x2
You hit the adder but do no damage.
The adder is almost dead.
The adder completely misses you.
You hit the adder but do no damage.
The adder is almost dead.
The adder bites you.
You die...

##.# #.#.## #..#
#..†.. #.## #.....
#.# #.#..... #.#
#.......
#.###########...
#.............#.
###############.#.
#@S(...........(.(
###############.##
#.# #.# #.# #.#
#.# #.# #.#


You could see an adder (very poisoned).

Vanquished Creatures
  An adder (D:2)
  2 ball pythons (D:1)
  3 giant cockroaches
  7 hobgoblins
  3 jackals (D:2)
  3 kobolds (D:1)
  2 quokkas
  6 bats
  2 frilled lizards
  3 rats (D:1)
32 creatures vanquished.

Notes
Turn   | Place    | Note
-------+----------+-------------------------------------------
     0 | D:1      | styxcanada the Spriggan Brigand began the quest for the
                  | Orb.
     0 | D:1      | Reached XP level 1. HP: 10/10 MP: 2/2
    71 | D:1      | Reached skill level 6 in Stealth
   213 | D:1      | Reached XP level 2. HP: 15/15 MP: 3/3
  1022 | D:1      | Found Wicigah's Jewellery Shop.
  1350 | D:2      | Reached skill level 7 in Stealth
  1350 | D:2      | Reached XP level 3. HP: 8/18 MP: 4/4
  1876 | D:2      | Slain by an adder

Illustrated notes

Levels and vault maps discovered:
D:1:      doesnt_arrival_eight_statues, layout_rooms, serial_shops,
          nicolae_shop_hallway_stairs
D:2:      layout_basic, ebering_ecumenical_altar_hall

Skill      XL: |  1  2 |
---------------+-------+-----
Stealth        | 6 7 |  7.3
Fighting       | |  1.8
Short Blades   | |  2.2
Throwing       | |  2.2
Dodging        | |  1.7

Action                   || total
-------------------------++-------
Melee: Dagger            ||    96
       Punch             ||     1
Throw: Dart              ||    25
  Use: Scroll            ||     3
 Stab: Distracted        ||     1
       Sleeping          ||     6
Armor: Robe              ||    13
Dodge: Dodged            ||    68
